Unix NetHack Version 5.0.0-0 post-release - last build Jul 19 2026 19:10:59 (3aa4ab31751d3886436d94b585a96704892fd477,branch:main).

Game began 2026-07-26 08:44:23, ended 2026-07-26 08:50:46.

LDaviesPeters, neutral female human Archeologist

                                          -----
                                          ....
                        ####`            ....
  ------       --------##                ...
  |....|       |....>..#                ..
  |....|      #.......|##               B
  |....-#######|......+################@#
  |....|       --------# ###        ###
  |....|      ##########   #
  |....-#######             ##
  ------                     #-----+---------
                             #|.............|
                             #..............|
                              |.<...........|
                              |.............|
                              ---------------

LDaviesPeters the Field Worker  St:12 Dx:10 Co:12 In:17 Wi:16 Ch:8  Neutral
Dlvl:3  $:0  HP:0(26) Pw:13(13) AC:9  Xp:3 T:790 

Latest messages:
 The hobbit swings her sling.
 The hobbit hits!
 You kill the hobbit!
 r - a sling.
 What do you want to throw? [ir or ?*] r
 In what direction? 4
 You have a little trouble lifting a hobbit corpse.  Continue? [ynq] (q) y
 You have a little trouble lifting s - a hobbit corpse.
 Your movements are slowed slightly because of your load.
 You see here a sling.
 What do you want to drop? [a-df-inpqs or ?*] s
 You drop a hobbit corpse.
 Your movements are now unencumbered.
 In what direction? 6
 You kick a gray stone.
 You see here 7 gray stones.
 You see here a gray stone.
 t - a gray stone.
 What do you want to use or apply? [abfgp or ?*] g
 What do you want to rub on the stone? [t or ?*] t
 t - a flint stone.
 What do you want to drop? [a-df-inpqt or ?*] t
 You drop a flint stone.
 You hear bubbling water.
 You descend the stairs.
 You descend the stairs.
 The gnome hits!
 A dagger misses you.
 You lash the gnome.
 You miss the gnome.
 You kill the gnome!
 The dwarf hits!
 The dwarf hits!
 You climb up the stairs.
 The door resists!
 The door resists!
 The door opens.
 The door opens.
 You hear a monster behind the boulder.
 Perhaps that's why you cannot move it.
 You miss the giant bat.
 The giant bat bites!
 The giant bat bites!
 You lash the giant bat.
 The giant bat bites!
 The giant bat bites!
 You miss the giant bat.
 The giant bat bites!
 You die...
 Do you want your possessions identified? [ynq] (y) q

Inventory:
 Weapons  (')')
  i - a +0 orcish dagger
  a - a +2 bullwhip (weapon in right hand)
 Armor    ('[')
  c - an uncursed +0 fedora (being worn)
  q - an uncursed +0 Hawaiian shirt with a toucan motif
  h - an uncursed +0 leather jacket (being worn)
 Comestibles  ('%')
  d - 4 uncursed food rations
  n - an uncursed lembas wafer
 Tools    ('(')
  b - an uncursed sack containing 5 items
  p - a +0 pick-axe (alternate weapon; not wielded)
  f - a tinning kit (0:46)
 Gems/Stones  ('*')
  g - an uncursed touchstone

Contents of the sack:
  7 gold pieces
  a cursed scroll of confuse monster
  an uncursed potion of speed
  a cursed potion of speed
  an uncursed potion of healing

LDaviesPeters the Archeologist's attributes:

Background:
 You were a Field Worker, a level 3 female human Archeologist.
 You were neutral, on a mission for Camaxtli
 who was opposed by Quetzalcoatl (lawful) and Huhetotl (chaotic).
 You were right-handed.
 You were in the Dungeons of Doom, on level 3.
 You entered the dungeon 790 turns ago.
 You had 63 experience points, 17 more were needed to attain level 4.

Basics:
 You had 0 out of 26 hit points.
 You had all 13 energy points (spell power).
 Your armor class was 9.
 Your wallet was empty, but
 you had 7 zorkmids stashed away in your pack.
 Autopickup was off.

Final Characteristics:
 Your strength was 12 (limit:18/100).
 Your dexterity was 10 (limit:18).
 Your constitution was 12 (limit:18).
 Your intelligence was 17 (limit:18).
 Your wisdom was 16 (limit:18).
 Your charisma was 8 (limit:18).

Final Status:
 You weren't hungry.
 You were unencumbered.
 You were wielding a whip.
 You had basic skill with whip.

Final Attributes:
 You were fervently aligned.
 You had automatic searching.
 You were lucky.
 You are dead.

Miscellaneous:
 You didn't encounter any bones levels.
 Total elapsed playing time was 6 minutes and 22 seconds.

Major events:
 Turn
    1: LDaviesPeters the neutral female human Archeologist entered the dungeon
  460: attained the rank of Field Worker (level 3)
  656: entered the Gnomish Mines
  790: killed by a giant bat

You didn't know any spells.

Skills:
 Fighting Skills
   bare handed combat [Unskilled]
   two weapon combat  [Unskilled]
   riding             [Unskilled]
 Weapon Skills
   dagger             [Unskilled]
   knife              [Unskilled]
   pick-axe           [Basic]
   short sword        [Unskilled]
   saber              [Unskilled]
   club               [Unskilled]
   quarterstaff       [Unskilled]
   sling              [Unskilled]
   dart               [Unskilled]
   boomerang          [Unskilled]
   whip               [Basic]
   unicorn horn       [Unskilled]
 Spellcasting Skills
   attack spells      [Unskilled]
   healing spells     [Unskilled]
   divination spells  [Unskilled]
   matter spells      [Unskilled]

Voluntary challenges:
 Character rerolling was not enabled.
 You never genocided any monsters.
 You never polymorphed an object.
 You never changed form.
 You used no wishes.
Achievements:
 You attained the rank of Field Worker.
 You entered the Gnomish Mines.

 The Dungeons of Doom: levels 1 to 3
    Level 1:
       A fountain, many trees.
    Level 2:
       An altar to Camaxtli, some fountains.
    Level 3: <- You were here.
       Stairs down to The Gnomish Mines.
       Final resting place for
          you, killed by a giant bat.
 The Gnomish Mines:
    Level 4:


Vanquished creatures:
  a little dog
  a hobbit
  a gnome
  a gecko
  2 jackals
  3 foxes
  2 kobolds
  a goblin
  2 grid bugs
  2 lichens
  2 kobold zombies
  3 newts
21 creatures vanquished.

No species were genocided or became extinct.

Game over:
                       ----------
                      /          \
                     /    REST    \
                    /      IN      \
                   /     PEACE      \
                  /                  \
                  |  LDaviesPeters   |
                  |       7 Au       |
                  |   killed by a    |
                  |    giant bat     |
                  |                  |
                  |                  |
                  |       2026       |
                 *|     *  *  *      | *
        _________)/\\_//(\/(/\)/\//\/|_)_______

Goodbye LDaviesPeters the Archeologist...

You died in The Dungeons of Doom on dungeon level 3 with 409 points,
and 7 pieces of gold, after 790 moves.
You were level 3 with a maximum of 26 hit points when you died.

